 Dungeon Crawl Stone Soup version 0.18.1-1-g2f07953 (webtiles) character file.

10052 lightmor the Martial Artist (level 11, -11/60 HPs)
             Began as a Vine Stalker Monk on May 7, 2016.
             Was a High Priest of Cheibriados.
             Mangled by a phantasmal warrior (16 damage)
             ... led by a death knight
             ... on level 10 of the Dungeon.
             The game lasted 00:45:37 (9745 turns).

lightmor the Martial Artist (Vine Stalker Monk)     Turns: 9745, Time: 00:45:38

Health: -11/60     AC:  6    Str: 27    XL:     11   Next: 56%
Magic:  0/15       EV: 20    Int: 26    God:    Cheibriados [*****.]
Gold:   595        SH:  0    Dex: 30    Spells: 1 memorised, 10 levels left

rFire  + . .     SeeInvis .       - Unarmed
rCold  . . .     Gourm    .     a - +0 robe
rNeg   . . .     Faith    +     (no shield)
rPois  +         Spirit   +     P - +0 helmet
rElec  .         Dismiss  .     z - +0 cloak
rCorr  .         Reflect  .     J - +0 pair of gloves
SustAt .         Harm     .     I - +0 pair of boots
MR     +....                    i - amulet of faith
Stlth  +++.......               s - ring of poison resistance
                                o - ring of protection from fire

@: very slightly contaminated, very slow, somewhat resistant to hostile
enchantments, fairly stealthy
A: fangs 3, regeneration 2, magic shield, antimagic bite, no device heal 3, rot
immunity
a: Bend Time, Temporal Distortion, Slouch, Step From Time, Renounce Religion


You were on level 10 of the Dungeon.
You worshipped Cheibriados.
Cheibriados was extremely pleased with you.
You were not hungry.

You visited 2 branches of the dungeon, and saw 11 of its levels.

You collected 595 gold pieces.

Inventory:

Missiles
 y - 36 poisoned needles
 B - 4 curare-tipped needles
Armour
 a - a +0 robe (worn)
 z - a +0 cloak (worn)
 I - a +0 pair of boots (worn)
 J - a +0 pair of gloves (worn)
 P - a +0 helmet (worn)
 V - a +0 troll leather armour
Jewellery
 i - an amulet of faith (around neck)
 o - a ring of protection from fire (left hand)
 s - a ring of poison resistance (right hand)
 v - an uncursed ring of wizardry
 E - an uncursed ring of flight
 T - an uncursed amulet of dismissal
Wands
 F - a wand of lightning (0/15)
 G - a wand of disintegration (0/24)
 L - a wand of digging (17/24)
 M - a wand of iceblast (0/15)
 O - a wand of iceblast (10/15)
Scrolls
 d - 3 scrolls of amnesia
 e - 5 scrolls of recharging
 j - 4 scrolls of remove curse
 l - a scroll of fog
 t - a scroll of teleportation
 S - a scroll of vulnerability {unknown}
Potions
 c - 3 potions of resistance
 g - 3 potions of lignification
 k - 3 potions of cure mutation
 m - 4 potions of curing
 q - a potion of agility
 x - a potion of magic
 A - a potion of cancellation
 C - 3 potions of brilliance
 H - 2 potions of might {unknown}
Books
 f - a book of Conjurations

   Spells                             Type                      Level
   a - Magic Dart                     Conjuration                  1
   b - Searing Ray                    Conjuration                  2
   c - Dazzling Spray                 Conjuration/Hexes            3
   d - Fulminant Prism                Conjuration/Hexes            4
   e - Iskenderun's Mystic Blast      Conjuration                  4
   f - Iskenderun's Battlesphere      Conjuration/Charms           5
 U - a book of Burglary

   Spells                             Type                      Level
   a - Swiftness                      Charms/Air                   2
   b - Passwall                       Transmutation/Earth          2
   c - Passage of Golubria            Translocation                4
   d - Lee's Rapid Deconstruction     Earth                        5
   e - Darkness                       Hexes                        6
   f - Invisibility                   Hexes                        6
Comestibles
 b - 11 bread rations
 h - 9 meat rations
 p - 2 royal jellies
 r - 15 fruits
 u - 2 slices of pizza
 R - a beef jerky


   Skills:
 + Level 7.9 Fighting
 * Level 1.0 Armour
 - Level 7.1 Dodging
 - Level 2.4 Stealth
 * Level 12.7 Unarmed Combat
 + Level 1.3 Spellcasting
 + Level 1.1 Transmutations
 + Level 1.2 Earth Magic
 * Level 5.1 Invocations


You had 10 spell levels left.
You knew the following spells:

 Your Spells              Type           Power        Failure   Level  Hunger
a - Passwall              Trmt/Erth      #.........   14%         2    ###....


Dungeon Overview and Level Annotations

Branches:
Dungeon (10/15)            Temple (1/1) D:6            Lair (0/8) D:9
    Orc: D:9-12

Altars:
Ashenzari
Cheibriados
Dithmenos
Elyvilon
Fedhas
Gozag
Kikubaaqudgha
Makhleb
Nemelex Xobeh
Okawaru
Pakellas
Qazlal
Ru
Sif Muna
Trog
Vehumet
Xom
Yredelemnul
Zin
The Shining One

Shops:
D:4 }%

Annotations:
D:3 exclusion: oklob plant


Innate Abilities, Weirdness & Mutations

You have razor-sharp teeth.
You heal very quickly.
When hurt, damage is shared between your health and your magic reserves.
Your bite disrupts and absorbs the magic of your enemies.
Potions and wands cannot restore your health.
You are immune to rotting.


Message History

The phantasmal warrior is moderately damaged.
The phantasmal warrior hits you!!
* * * LOW HITPOINT WARNING * * *
Okay, then.
Read which item? (? for menu, Esc to quit)
Blink to where?
Press: ? - help, Dir - move target cursor, f - phantasmal warrior
Aim: a phantasmal warrior
Okay, then.
Unknown command.
You don't have enough magic at the moment.
Read which item? (? for menu, Esc to quit)
Blink to where?
Press: ? - help, Dir - move target cursor You are very lightly contaminated with residual magic.
As you read the scroll of blinking, it crumbles to dust.
The phantasmal warrior misses you.
The phantasmal warrior blinks!
Drink which item? (? for menu, Esc to quit)
Magic courses through your body. The phantasmal warrior hits you!!
You die...

#.# ###+######## #.#
#.......W...### #.#
#........W..'.#########'##
#(..........#W#..........#
###.........W.#W#..........#
..'...........#.#..........#
###...........#W#..........#
#...........#.@..........#
#...........###......<...#
#...........# ####'###########
#####'###### #...# #oo.# #..#
##'#########≈≈≈# #.##
#>........##...# # ###'#######
#.........# ... # #.........#
#.........###'### #
#.........####.........#.8.8.#


You could see 2 phantasmal warriors and a freezing wraith.

Vanquished Creatures
  Erica (D:8)
  A death knight (D:10)
  Pikel (D:3)
  2 hill giants (D:10)
  An ugly thing (D:9)
  Joseph (D:8)
  Maurice (D:9)
  Psyche (D:8)
  A merfolk (D:10)
  2 trolls
  2 hungry ghosts
  A hell hound (D:9)
  2 sky beasts
  3 ice beasts
  5 orc warriors
  A wasp (D:9)
  A slave (D:4)
  6 ogres
  2 phantoms
  3 centaurs
  A big kobold (D:9)
  7 giant frogs
  2 scorpions
  8 killer bees (D:9)
  10 wights
  6 howler monkeys
  5 crimson imps
  A giant frog zombie (D:8)
  6 orc priests
  5 hounds
  A jelly (D:5)
  8 orc wizards
  2 giant frog skeletons
  2 iguanas
  9 worker ants
  A hound zombie (D:8)
  2 hound skeletons
  A howler monkey zombie (D:7)
  A worker ant zombie (D:5)
  3 gnolls (D:7)
  12 adders
  3 shadow imps
  An ooze (D:5)
  2 adder skeletons
  2 worms
  3 dart slugs
  6 giant geckos
  38 orcs
  5 bats
  5 giant cockroaches
  7 hobgoblins
  3 jackals (D:9)
  7 kobolds
  A ball python (D:8)
  A giant gecko skeleton (D:6)
  7 giant newts
  10 goblins
  6 rats
238 creatures vanquished.

Vanquished Creatures (others)
  9 fungi (D:4)
  12 toadstools (D:3)
21 creatures vanquished.

Grand Total: 259 creatures vanquished

Notes
Turn   | Place    | Note
--------------------------------------------------------------
     0 | D:1      | lightmor the Vine Stalker Monk began the quest for the Orb.
     0 | D:1      | Reached XP level 1. HP: 11/11 MP: 2/2
   143 | D:1      | Reached XP level 2. HP: 7/16 MP: 1/3
   973 | D:2      | Reached XP level 3. HP: 19/19 MP: 4/4
  1009 | D:2      | Reached skill level 5 in Unarmed Combat
  1264 | D:2      | Reached XP level 4. HP: 23/23 MP: 5/5
  2078 | D:3      | Reached skill level 6 in Unarmed Combat
  2174 | D:3      | Reached XP level 5. HP: 17/27 MP: 3/6
  2356 | D:3      | Found a blossoming altar of Fedhas.
  2369 | D:3      | Noticed an oklob plant
  2498 | D:4      | Found Veak's Food Boutique.
  2685 | D:4      | Noticed a slave
  2685 | D:4      | Noticed a slave
  2723 | D:4      | Noticed an ogre
  2796 | D:4      | Killed an ogre
  2796 | D:4      | Gained mutation: You heal very quickly. [Vine Stalker growth]
  2796 | D:4      | Reached XP level 6. HP: 32/32 MP: 7/7
  2826 | D:4      | Noticed a slave
  2884 | D:4      | Killed a slave
  2916 | D:4      | Noticed Pikel
  3086 | D:3      | Killed Pikel
  3086 | D:3      | Reached skill level 7 in Unarmed Combat
  3086 | D:3      | Reached XP level 7. HP: 13/37 MP: 4/8
  3346 | D:4      | Reached skill level 8 in Unarmed Combat
  3446 | D:4      | Found Emanef's Gadget Shop.
  3812 | D:4      | Gained mutation: You have razor-sharp teeth. [Vine Stalker growth]
  3812 | D:4      | Reached XP level 8. HP: 31/42 MP: 7/9
  4033 | D:5      | Entered Level 5 of the Dungeon
  4575 | D:5      | Reached skill level 9 in Unarmed Combat
  4896 | D:6      | Reached skill level 5 in Fighting
  5013 | D:6      | Found a staircase to the Ecumenical Temple.
  5024 | Temple   | Entered the Ecumenical Temple
  5411 | D:6      | Found a shadowy altar of Dithmenos.
  5757 | D:7      | Found a burning altar of Makhleb.
  5957 | D:7      | Reached XP level 9. HP: 33/47 MP: 10/10
  5999 | D:7      | Reached skill level 5 in Dodging
  6017 | D:7      | Found a basalt altar of Yredelemnul.
  6253 | D:7      | Reached skill level 10 in Unarmed Combat
  6657 | D:7      | Found a snail-covered altar of Cheibriados.
  6665 | D:7      | Became a worshipper of Cheibriados the Contemplative
  6665 | D:7      | Reached * piety under Cheibriados
  6665 | D:7      | Reached ** piety under Cheibriados
  7078 | D:8      | Found a shimmering altar of Xom.
  7222 | D:8      | Noticed Erica
  7226 | D:8      | Noticed Psyche
  7237 | D:8      | Killed Erica
  7237 | D:8      | Reached skill level 11 in Unarmed Combat
  7237 | D:8      | Reached XP level 10. HP: 39/53 MP: 7/11
  7296 | D:7      | Found a basalt altar of Yredelemnul.
  7416 | D:8      | Found a glowing golden altar of the Shining One.
  7429 | D:8      | Reached *** piety under Cheibriados
  7544 | D:8      | Reached skill level 1 in Invocations
  7873 | D:8      | Killed Psyche
  7939 | D:8      | Noticed Joseph
  7949 | D:8      | Killed Joseph
  8394 | D:9      | Reached **** piety under Cheibriados
  8414 | D:9      | Noticed a brown ugly thing
  8543 | D:9      | Reached skill level 12 in Unarmed Combat
  8584 | D:9      | Noticed Maurice
  8591 | D:9      | Killed Maurice
  8713 | D:9      | Killed a brown ugly thing
  8713 | D:9      | Reached XP level 11. HP: 30/58 MP: 11/14
  9005 | D:9      | Found a staircase to the Lair.
  9020 | D:9      | Reached ***** piety under Cheibriados
  9168 | D:9      | Found an opulent altar of Gozag.
  9168 | D:9      | Found a shattered altar of Ashenzari.
  9258 | D:10     | Entered Level 10 of the Dungeon
  9334 | D:10     | Found a deep blue altar of Sif Muna.
  9378 | D:10     | Noticed a hill giant
  9387 | D:10     | Killed a hill giant
  9464 | D:10     | Learned a level 2 spell: Passwall
  9465 | D:10     | Noticed a hill giant
  9478 | D:10     | Killed a hill giant
  9551 | D:10     | Reached skill level 1 in Earth Magic
  9654 | D:10     | Reached skill level 1 in Spellcasting
  9654 | D:10     | Reached skill level 5 in Invocations
  9725 | D:10     | Noticed a skeletal warrior
  9726 | D:10     | Noticed a death knight
  9726 | D:10     | Noticed a phantasmal warrior
  9726 | D:10     | Noticed a phantasmal warrior
  9738 | D:10     | Killed a death knight
  9738 | D:10     | Reached skill level 1 in Armour
  9738 | D:10     | Reached skill level 1 in Transmutations
  9743 | D:10     | HP: 3/60 [phantasmal warrior[a death knight] (25)]
  9745 | D:10     | Mangled by a phantasmal warrior

Skill      XL: |  1  2  3  4  5  6  7  8  9 10 11 |
---------------+----------------------------------+-----
Unarmed Combat | 5 6 7 8 9 11 12 | 12.7
Fighting       | 3 4 5 6 7 |  7.9
Dodging        | 3 4 6 7 |  7.1
Invocations    | 3 5 |  5.1
Earth Magic    | 1 |  1.2
Spellcasting   | 1 |  1.3
Armour         | 1 |  1.0
Transmutations | 1 |  1.1
Stealth        | |  2.4

Action                   |  1- 3 |  4- 6 |  7- 9 | 10-12 || total
-------------------------+-------+-------+-------+-------++-------
Melee: Unarmed           |    84 |   127 |   363 |   240 ||   814
       Bite              |    19 |    35 |   126 |   125 ||   305
       Punch             |     2 |     2 |    22 |    28 ||    54
Evoke: Wand              |       |       |     9 |       ||     9
  Use: Scroll            |     5 |     2 |     4 |    13 ||    24
       Potion            |       |     1 |       |     1 ||     2
 Stab: Sleeping          |     3 |     6 |    12 |     6 ||    27
       Distracted        |       |     2 |     1 |     3 ||     6
  Eat: Chunk             |     1 |     5 |    13 |     5 ||    24
Armor: Robe              |     4 |    11 |    24 |    19 ||    58
Dodge: Dodged            |    44 |    57 |   196 |   149 ||   446
